[Event "Titled Tuesday Blitz August 15 Late 2023"]
[White "ExchangeAB"]
[Black "Remizov, Yaroslav"]
[BlackFideId "34134015"]
[WhiteElo "2443"]
[BlackElo "2843"]
[Result "0-1"]
[Round "1"]
[TimeControl "180+1"]
[Date "2023.08.15"]
[WhiteClock "0:00:43"]
[BlackClock "0:01:09"]
[Board "47"]

1. d4 e6 2. e4 d5 3. e5 c5 4. c3 Nc6 5. Nf3 Qb6 6. a3 Nh6 7. b4 cxd4 8. cxd4 Nf5 9. Bb2 Be7 10. Be2 Bd7 11. O-O O-O 12. g4 Nh4 13. Nxh4 Bxh4 14. f4 f6 15. Kg2 fxe5 16. dxe5 g5 17. b5 Rxf4 18. Rxf4 gxf4 19. Nd2 Qf2+ 20. Kh1 Nd4 21. Bxd4 Qxd4 22. Nf3 Qxd1+ 23. Rxd1 Be7 24. Rc1 Rc8 25. Rxc8+ Bxc8 26. a4 Bd7 27. Kg2 Be8 28. Nd4 Kf7 29. Kf3 Bg5 30. Bd3 h6 31. h3 Ke7 32. Bc2 a6 33. Bd3 axb5 34. axb5 Bd7 35. Ne2 Kd8 36. Nxf4 Kc7 37. Ng6 Kb6 38. h4 Bc1 39. Nf4 Kc5 40. g5 hxg5 41. hxg5 Bb2 42. g6 Bxe5 43. Nh5 Be8 44. g7 Bxh5+ 0-1


[Site "https://www.chess.com"]

[Event "Titled Tuesday Blitz August 15 Late 2023"]
[White "Salinas Herrera, Pablo"]
[Black "Nathan, Nitish"]
[WhiteFideId "3407128"]
[BlackFideId "30927870"]
[WhiteElo "2837"]
[BlackElo "2440"]
[Result "0-1"]
[Round "1"]
[TimeControl "180+1"]
[Date "2023.08.15"]
[WhiteClock "0:00:10"]
[BlackClock "0:00:27"]
[Board "48"]

1. d4 d5 2. Nf3 Nf6 3. Bf4 Bf5 4. e3 e6 5. Nbd2 Bd6 6. Ne5 Nbd7 7. Be2 O-O 8. g4 Bg6 9. h4 h6 10. Nxg6 fxg6 11. Bd3 Bxf4 12. exf4 Ne4 13. Nxe4 dxe4 14. Bxe4 Rxf4 15. Bxg6 Qf6 16. Bd3 Rxf2 17. Be2 Rf4 18. c3 Rf8 19. Qd3 e5 20. g5 Qd6 21. gxh6 Qxh6 22. dxe5 Nxe5 23. Qd5+ Nf7 24. h5 Re8 25. Rh2 Rfe4 26. Qd2 Qe6 27. Kf1 Ne5 28. Kg1 Qb6+ 29. Rf2 Ng4 30. Bxg4 Rxg4+ 31. Kh2 Qb5 32. Rg2 Rxg2+ 33. Kxg2 Re2+ 0-1


[Site "https://www.chess.com"]

[Event "Titled Tuesday Blitz August 15 Late 2023"]
[White "dr_tatiana"]
[Black "Kravtsiv, Martyn"]
[BlackFideId "14113147"]
[WhiteElo "2438"]
[BlackElo "2831"]
[Result "0-1"]
[Round "1"]
[TimeControl "180+1"]
[Date "2023.08.15"]
[WhiteClock "0:00:03"]
[BlackClock "0:00:17"]
[Board "49"]

1. e4 e5 2. Nc3 Nf6 3. f4 d5 4. fxe5 Nxe4 5. Qf3 f5 6. exf6 Nxf6 7. d4 Nc6 8. Bg5 Qe7+ 9. Qe3 Qxe3+ 10. Bxe3 Bf5 11. O-O-O Ng4 12. Re1 O-O-O 13. Nf3 Nxe3 14. Rxe3 g6 15. Bb5 Bh6 16. Nd1 Nb4 17. Ba4 b5 18. Bb3 a5 19. a3 a4 20. axb4 axb3 21. cxb3 Rhe8 22. Kd2 Be4 23. Ne5 Bxg2 24. Rg1 Be4 25. Ke2 Bxe3 26. Nxe3 Rf8 27. Rc1 Rf6 28. Rc5 Rdf8 29. N3g4 Bf3+ 30. Nxf3 Rxf3 31. Rxd5 Rxb3 32. Rxb5 Rxb2+ 33. Kd3 Rf4 34. Ne5 Rxh2 35. Rc5 Rhh4 36. Nc6 Rf3+ 37. Kc4 Rf1 38. Kb5 Rh5 39. d5 Rd1 40. Ne7+ Kd7 41. Ng8 Rf5 42. Kc4 Rc1+ 43. Kd4 Rd1+ 44. Kc4 h5 45. Nh6 Rf4+ 46. Kb5 Rfd4 47. Ng8 Rxd5 48. Nf6+ Ke6 49. Nxd5 Rxd5 50. Rxd5 Kxd5 51. Ka6 c6 52. Kb6 h4 0-1


[Site "https://www.chess.com"]

[Event "Titled Tuesday Blitz August 15 Late 2023"]
[White "Klukin, Kirill"]
[Black "Buchenau, Frank"]
[WhiteFideId "24199273"]
[BlackFideId "4604350"]
[WhiteElo "2830"]
[BlackElo "2435"]
[Result "1-0"]
[Round "1"]
[TimeControl "180+1"]
[Date "2023.08.15"]
[WhiteClock "0:01:32"]
[BlackClock "0:00:13"]
[Board "50"]

1. d4 e6 2. c4 Nf6 3. Nc3 Bb4 4. e3 O-O 5. Bd2 b6 6. Nf3 Bb7 7. Bd3 c5 8. a3 Bxc3 9. Bxc3 Ne4 10. Rc1 d6 11. O-O Nd7 12. Be1 f5 13. Nd2 Nxd2 14. Qxd2 Qg5 15. f3 f4 16. exf4 Qxf4 17. Qxf4 Rxf4 18. dxc5 Nxc5 19. Be2 e5 20. Rd1 Rd8 21. Bg3 Rd4 22. Rxd4 exd4 23. Rd1 d3 24. Bf1 d5 25. b4 Ne6 26. Rxd3 Kf7 27. cxd5 Rxd5 28. Rxd5 Bxd5 29. Be5 Nd8 30. Kf2 Nc6 31. Bc3 a5 32. b5 Nb8 33. Bd4 Nd7 34. Ke3 g5 35. Bd3 h6 36. Bf5 Be6 37. Ke4 Nf6+ 38. Bxf6 Kxf6 39. Bxe6 Kxe6 40. g3 Kd6 41. f4 gxf4 42. gxf4 Ke6 43. h4 h5 44. a4 Kf6 45. f5 1-0


[Site "https://www.chess.com"]

[Event "Titled Tuesday Blitz August 15 Late 2023"]
[White "Rangel, Daniel"]
[Black "Pakleza, Zbigniew"]
[WhiteFideId "2124475"]
[BlackFideId "1119290"]
[WhiteElo "2434"]
[BlackElo "2823"]
[Result "0-1"]
[Round "1"]
[TimeControl "180+1"]
[Date "2023.08.15"]
[WhiteClock "0:00:02"]
[BlackClock "0:00:03"]
[Board "51"]

1. d4 d6 2. c4 e5 3. Nc3 exd4 4. Qxd4 Nc6 5. Qd2 Nf6 6. b3 a5 7. Bb2 a4 8. Nxa4 d5 9. O-O-O dxc4 10. Qxd8+ Nxd8 11. e3 cxb3 12. axb3 Be6 13. Kc2 Ne4 14. Bb5+ c6 15. Nb6 Ra5 16. Bd3 Nxf2 17. Nf3 Nxh1 18. Rxh1 Bc5 19. Nc4 Ra8 20. Ng5 f6 21. Nxe6 Nxe6 22. g4 Ke7 23. h4 h6 24. Bf5 Kf7 25. h5 Rhd8 26. Rf1 b5 27. Nd2 Bxe3 28. Ne4 Nd4+ 29. Kb1 Nxf5 30. Rxf5 Bd4 31. Bc1 Kg8 32. Rf3 Be5 33. Kc2 Ra2+ 34. Kb1 Rg2 35. Nc5 Rd1 36. b4 Rb2+ 37. Ka1 Rxc1# 0-1


[Site "https://www.chess.com"]

[Event "Titled Tuesday Blitz August 15 Late 2023"]
[White "Maksimovic, Bojan"]
[Black "Miszler, Levente"]
[WhiteFideId "14408120"]
[BlackFideId "763276"]
[WhiteElo "2808"]
[BlackElo "2434"]
[Result "1-0"]
[Round "1"]
[TimeControl "180+1"]
[Date "2023.08.15"]
[WhiteClock "0:01:34"]
[BlackClock "0:01:21"]
[Board "52"]

1. Nf3 c5 2. g3 Nc6 3. Bg2 e5 4. d3 d5 5. O-O h6 6. e4 d4 7. Nbd2 g5 8. Nc4 Bg7 9. h4 g4 10. Nh2 Be6 11. f3 gxf3 12. Bxf3 Qd7 13. Bg4 O-O-O 14. Bxe6 Qxe6 15. Qg4 Qxg4 16. Nxg4 f6 17. h5 b5 18. Nd2 Rf8 19. a4 a6 20. axb5 axb5 21. Ra8+ Nb8 22. Nb3 c4 23. Nc5 Ne7 24. Kh2 f5 25. exf5 Rxf5 26. Rxf5 Nxf5 27. Ne6 Rg8 28. Nxg7 Rxg7 29. Nxe5 Kb7 30. Ra5 Nxg3 31. Rxb5+ Kc7 32. Nxc4 Nf1+ 33. Kh3 Rg3+ 34. Kh4 Rg2 35. Bf4+ Kc6 36. Rxb8 Rxc2 37. Bxh6 Nh2 38. Bf4 Rg2 39. Bxh2 Rxh2+ 40. Kg4 1-0


[Site "https://www.chess.com"]

[Event "Titled Tuesday Blitz August 15 Late 2023"]
[White "financieru"]
[Black "Mekhitarian, Krikor Sevag"]
[BlackFideId "2107660"]
[WhiteElo "2432"]
[BlackElo "2807"]
[Result "0-1"]
[Round "1"]
[TimeControl "180+1"]
[Date "2023.08.15"]
[WhiteClock "0:00:35"]
[BlackClock "0:00:35"]
[Board "53"]

1. d4 Nf6 2. c4 g6 3. Nc3 d5 4. cxd5 Nxd5 5. Na4 Bf5 6. f3 Nb6 7. e4 Bc8 8. Be3 Bg7 9. Bd3 O-O 10. Ne2 Nc6 11. d5 Ne5 12. Nc5 Nxd3+ 13. Nxd3 e6 14. dxe6 Bxe6 15. O-O Bc4 16. Nec1 Qd7 17. Rf2 Rad8 18. Rd2 Qb5 19. Qc2 Be6 20. a4 Qc4 21. a5 Qxc2 22. Rxc2 Nc4 23. Bg5 Rd7 24. Nc5 Bd4+ 25. Kh1 Bxc5 26. b3 Rd1# 0-1


[Site "https://www.chess.com"]

[Event "Titled Tuesday Blitz August 15 Late 2023"]
[White "Kuzmicz, Krystian"]
[Black "Romero Ruscalleda, Josep"]
[WhiteFideId "1119125"]
[BlackFideId "2231859"]
[WhiteElo "2805"]
[BlackElo "2431"]
[Result "0-1"]
[Round "1"]
[TimeControl "180+1"]
[Date "2023.08.15"]
[WhiteClock "0:00:20"]
[BlackClock "0:01:10"]
[Board "54"]

1. e4 g6 2. g3 Bg7 3. Bg2 d6 4. f4 c5 5. d3 Nc6 6. Nf3 Nf6 7. O-O O-O 8. Nc3 Bd7 9. h3 Qc8 10. g4 Nd4 11. f5 Re8 12. Be3 Nxf3+ 13. Qxf3 Bc6 14. g5 Nd7 15. h4 b5 16. h5 b4 17. fxg6 fxg6 18. Nd5 Ne5 19. Qg3 Qg4 20. Bf4 Qxg3 21. Bxg3 Bxd5 22. exd5 gxh5 23. Bh3 Ng4 24. Rab1 Rf8 25. a3 Bd4+ 26. Kh1 Ne3 27. Be6+ Kg7 28. Rxf8 Rxf8 29. axb4 Nxc2 30. bxc5 Bxc5 31. Rc1 Ne3 32. d4 Bb6 33. b4 Rf3 34. Kh2 Nf1+ 35. Kg2 Rxg3+ 36. Kxf1 Rxg5 37. Rc8 Bxd4 38. Ke2 Kh6 39. Kf3 h4 40. Re8 Bf6 41. Ra8 Rg3+ 42. Kf2 Rb3 43. Rxa7 Bd4+ 0-1


[Site "https://www.chess.com"]

[Event "Titled Tuesday Blitz August 15 Late 2023"]
[White "djathtaspogradec"]
[Black "Fantastic_Power"]
[WhiteElo "2431"]
[BlackElo "2804"]
[Result "1-0"]
[Round "1"]
[TimeControl "180+1"]
[Date "2023.08.15"]
[WhiteClock "0:00:17"]
[BlackClock "0:00:00"]
[Board "55"]

1. e4 c5 2. c3 d5 3. exd5 Nf6 4. Nf3 Nxd5 5. Bc4 Nc6 6. O-O e6 7. d4 cxd4 8. Nxd4 Bd6 9. Re1 O-O 10. Nxc6 bxc6 11. Nd2 Qc7 12. Nf3 Rb8 13. Bb3 c5 14. Rb1 Bb7 15. Bg5 h6 16. Bh4 Nf4 17. Bg3 Rbd8 18. Bc2 Qc6 19. Be4 Nd5 20. c4 Qa6 21. cxd5 exd5 22. Bc2 Bxg3 23. hxg3 d4 24. Qd3 g6 25. Qxa6 Bxa6 26. Rbd1 Rfe8 27. Rxe8+ Rxe8 28. Rd2 g5 29. g4 f6 30. b4 cxb4 31. Bb3+ Kg7 32. Nxd4 h5 33. gxh5 Kh6 34. g4 Re1+ 35. Kh2 Bb7 36. Nf5+ Kh7 37. Rd7+ Kh8 38. Rxb7 1-0


[Site "https://www.chess.com"]

[Event "Titled Tuesday Blitz August 15 Late 2023"]
[White "Riehle, Marco"]
[Black "Manukian, Artak"]
[WhiteFideId "12904392"]
[BlackFideId "13301373"]
[WhiteElo "2801"]
[BlackElo "2430"]
[Result "1-0"]
[Round "1"]
[TimeControl "180+1"]
[Date "2023.08.15"]
[WhiteClock "0:01:31"]
[BlackClock "0:01:43"]
[Board "56"]

1. e4 c6 2. c4 d5 3. exd5 cxd5 4. cxd5 Nf6 5. Nc3 Nxd5 6. Nf3 Nxc3 7. dxc3 Qxd1+ 8. Kxd1 Bg4 9. Bb5+ Nc6 10. Ke2 O-O-O 11. h3 Bxf3+ 12. Kxf3 e6 13. Be3 a6 14. Bxc6 bxc6 15. Bb6 Rd5 16. c4 Rf5+ 17. Ke2 Bc5 18. Bxc5 Rxc5 19. b3 Rd8 20. Rhd1 Re5+ 21. Kf1 a5 22. Rxd8+ Kxd8 23. Re1 Rxe1+ 24. Kxe1 c5 25. Kd2 f5 26. Kc3 Kc7 27. a3 e5 28. b4 axb4+ 29. axb4 Kb6 30. b5 g6 31. Kd3 Kc7 32. Ke3 Kd6 33. g4 Ke6 34. gxf5+ gxf5 35. Kf3 h5 36. Kg3 f4+ 37. Kf3 Kf5 38. b6 e4+ 39. Ke2 1-0


[Site "https://www.chess.com"]

[Event "Titled Tuesday Blitz August 15 Late 2023"]
[White "Pein, Jonathan"]
[Black "Yanchenko, Roman"]
[WhiteFideId "417092"]
[BlackFideId "4137329"]
[WhiteElo "2429"]
[BlackElo "2791"]
[Result "0-1"]
[Round "1"]
[TimeControl "180+1"]
[Date "2023.08.15"]
[WhiteClock "0:00:17"]
[BlackClock "0:00:30"]
[Board "57"]

1. Nf3 d5 2. b3 Nf6 3. Bb2 Bf5 4. d3 e6 5. Nbd2 Be7 6. g3 O-O 7. Bg2 c5 8. O-O Nc6 9. Ne5 Nxe5 10. Bxe5 Bg6 11. e4 dxe4 12. Nxe4 Nxe4 13. dxe4 Qb6 14. Qe2 Rad8 15. h4 f6 16. Bb2 Bf7 17. Rad1 e5 18. c4 h6 19. Bh3 a6 20. Bc3 Qc6 21. h5 b5 22. Rd5 b4 23. Bd2 a5 24. Bf5 a4 25. Qg4 Kh8 26. Be3 axb3 27. axb3 Rxd5 28. exd5 Qa6 29. Be4 Bd6 30. Bxh6 gxh6 31. Qf5 Bg8 32. Qg6 Qa7 33. Qxh6+ Bh7 34. Kg2 Qg7 35. Qxh7+ Qxh7 36. Bxh7 Kxh7 37. Ra1 Kh6 38. Ra6 Rd8 39. g4 f5 40. gxf5 Kxh5 41. Kf3 e4+ 42. Kxe4 Kg5 43. f4+ Kf6 44. Kf3 Kxf5 45. Rc6 Rd7 46. Ra6 Bxf4 47. Ra8 Be5 48. Rf8+ Bf6 49. Ke3 Rh7 50. Rc8 Rh3+ 51. Kd2 Bd4 52. d6 Ke6 53. Re8+ Kxd6 54. Kc2 Rc3+ 55. Kd2 Rxb3 56. Rd8+ Kc7 57. Re8 Rc3 58. Re7+ Kd6 59. Re4 Rxc4 60. Rh4 Rc3 61. Rh6+ Kd5 62. Rh5+ Kc4 63. Rh1 b3 64. Rb1 b2 65. Rxb2 Rd3+ 66. Kc2 Bxb2 67. Kxb2 Kd4 68. Kc1 c4 69. Kc2 c3 70. Kc1 Rd2 71. Kb1 Kc4 72. Kc1 Kb3 73. Kb1 Rd1# 0-1


[Site "https://www.chess.com"]

[Event "Titled Tuesday Blitz August 15 Late 2023"]
[White "Troff, Kayden"]
[Black "Vafin, Ayrat"]
[WhiteFideId "2047896"]
[BlackFideId "4146530"]
[WhiteElo "2784"]
[BlackElo "2429"]
[Result "1-0"]
[Round "1"]
[TimeControl "180+1"]
[Date "2023.08.15"]
[WhiteClock "0:00:15"]
[BlackClock "0:00:17"]
[Board "58"]

1. d4 d5 2. Nf3 Nf6 3. Bf4 c5 4. e3 Nc6 5. Nc3 cxd4 6. Nxd4 a6 7. Be2 e6 8. O-O Bd6 9. Bg3 O-O 10. Nxc6 bxc6 11. Bf3 e5 12. e4 d4 13. Na4 Be6 14. b3 Nd7 15. c3 c5 16. Rc1 Rc8 17. Qe2 Qa5 18. Bg4 Nb6 19. Bxe6 fxe6 20. Qg4 Rce8 21. cxd4 cxd4 22. Rc6 Nxa4 23. Rxd6 Nc3 24. Rxe6 Qxa2 25. Bxe5 Kf7 26. Qf5+ Kg8 27. Qg5 Kf7 28. Rf6+ Ke7 29. Rd6+ Kf7 30. Qxg7# 1-0


[Site "https://www.chess.com"]

[Event "Titled Tuesday Blitz August 15 Late 2023"]
[White "Farmani Anosheh, Armin"]
[Black "Hambleton, Aman"]
[WhiteFideId "24613240"]
[BlackFideId "2606577"]
[WhiteElo "2428"]
[BlackElo "2781"]
[Result "0-1"]
[Round "1"]
[TimeControl "180+1"]
[Date "2023.08.15"]
[WhiteClock "0:00:00"]
[BlackClock "0:00:04"]
[Board "59"]

1. e4 b6 2. d4 Bb7 3. Bd3 e6 4. Nf3 d5 5. e5 Ba6 6. O-O Bxd3 7. Qxd3 Ne7 8. b3 Nbc6 9. Ba3 Qd7 10. Rd1 h5 11. c4 a5 12. Nc3 Nb4 13. Qe2 Nf5 14. Bb2 c6 15. a3 Na6 16. Bc1 Nc7 17. Bg5 Be7 18. Bxe7 Qxe7 19. Qc2 O-O 20. Qd2 Rfd8 21. Qf4 dxc4 22. bxc4 b5 23. d5 cxd5 24. cxd5 b4 25. d6 Qf8 26. dxc7 Rxd1+ 27. Nxd1 bxa3 28. Ne3 Ne7 29. Qc4 Rc8 30. h4 g6 31. Rxa3 Nd5 32. Rxa5 Rxc7 33. Qd4 Ne7 34. Qe4 Kg7 35. Kh2 Qd8 36. g3 Rc8 37. Ra7 Nc6 38. Ra4 Rb8 39. Qf4 Ne7 40. Qf6+ Kg8 41. Rf4 Qe8 42. Ng5 Rb7 43. Nxf7 Nd5 44. Nh6+ Kh7 45. Qg5 Nxf4 46. gxf4 Rb2 47. f5 exf5 48. Kg3 Rb3 49. Kh2 Qxe5+ 50. Kg2 Qg7 51. Kh2 Qxh6 52. Qe7+ Qg7 53. Qe5 Qxe5+ 0-1


[Site "https://www.chess.com"]

[Event "Titled Tuesday Blitz August 15 Late 2023"]
[White "Tristan, Leonardo"]
[Black "Ribeiro, Matheus Mendes Domingues"]
[WhiteFideId "113816"]
[BlackFideId "324226923"]
[WhiteElo "2777"]
[BlackElo "2428"]
[Result "1-0"]
[Round "1"]
[TimeControl "180+1"]
[Date "2023.08.15"]
[WhiteClock "0:01:53"]
[BlackClock "0:00:07"]
[Board "60"]

1. d4 d5 2. Nf3 e6 3. Bf4 Nf6 4. e3 Bd6 5. Nbd2 O-O 6. c3 b6 7. h4 Bb7 8. h5 h6 9. Bd3 c5 10. Ne5 Nc6 11. g4 Ne4 12. Nxe4 Nxe5 13. Nxd6 Nxd3+ 14. Qxd3 Bc6 15. Rg1 f6 16. Qg6 Qe7 17. Bxh6 Kh8 18. Bf4 e5 19. Nf5 Qc7 20. h6 gxh6 21. Rh1 Rf7 22. Rxh6+ Rh7 23. Qxf6+ Kg8 24. Rg6+ 1-0


[Site "https://www.chess.com"]

[Event "Titled Tuesday Blitz August 15 Late 2023"]
[White "FuenfgegenWilly"]
[Black "Rustemov, Alexander"]
[BlackFideId "4119002"]
[WhiteElo "2426"]
[BlackElo "2775"]
[Result "0-1"]
[Round "1"]
[TimeControl "180+1"]
[Date "2023.08.15"]
[WhiteClock "0:00:44"]
[BlackClock "0:00:57"]
[Board "61"]

1. d4 g6 2. c4 Bg7 3. Nc3 c5 4. d5 Bxc3+ 5. bxc3 f5 6. h4 Nf6 7. f3 Qa5 8. Qc2 d6 9. Bd2 Nbd7 10. e4 Ne5 11. Be2 Bd7 12. Rb1 O-O-O 13. Nh3 fxe4 14. fxe4 Bxh3 15. Rxh3 Rhf8 16. Rb5 Qc7 17. Bg5 Rf7 18. Qa4 Kb8 19. Kd2 Nxe4+ 20. Kc1 Nxg5 21. hxg5 Rdf8 22. Rb2 Rf2 23. Rxh7 Rxg2 24. Qd1 Rxg5 25. Qe1 Rgf5 26. Qh4 R5f7 27. Rh8 Qd8 28. Rh7 Rxh7 29. Qxh7 Rh8 30. Qg7 Qf8 31. Qxf8+ Rxf8 32. Kd2 Rf4 33. Rb1 Nxc4+ 34. Bxc4 Rxc4 35. Rg1 Ra4 36. Rxg6 Rxa2+ 37. Kd3 Kc7 38. Rg7 Kd7 39. Rg8 Rb2 40. Ra8 a6 41. c4 Rb3+ 42. Kc2 Rb4 43. Kc3 b5 44. Ra7+ Ke8 45. cxb5 axb5 46. Rb7 Kf7 47. Kd3 Rd4+ 48. Ke3 b4 49. Rb5 Rxd5 0-1


[Site "https://www.chess.com"]

[Event "Titled Tuesday Blitz August 15 Late 2023"]
[White "Bazeev, German"]
[Black "WindWhistler11"]
[WhiteFideId "24119350"]
[WhiteElo "2770"]
[BlackElo "2426"]
[Result "1-0"]
[Round "1"]
[TimeControl "180+1"]
[Date "2023.08.15"]
[WhiteClock "0:00:43"]
[BlackClock "0:00:04"]
[Board "62"]

1. Nf3 d6 2. d4 g6 3. c4 Bg7 4. Nc3 Nd7 5. Bg5 h6 6. Bh4 c6 7. e3 Qc7 8. Be2 Ngf6 9. O-O O-O 10. b4 e5 11. Rc1 Re8 12. a4 e4 13. Nd2 a5 14. b5 Nf8 15. Bxf6 Bxf6 16. Ncxe4 Bg7 17. c5 d5 18. Nd6 Rd8 19. bxc6 bxc6 20. Rb1 Rxd6 21. cxd6 Qxd6 22. Qc2 Ne6 23. Rfc1 Bd7 24. Nb3 Ng5 25. Nc5 Bf5 26. Bd3 Bg4 27. f4 Nh7 28. h3 Bc8 29. Nb7 Qe7 30. Qxc6 Qxe3+ 31. Kh1 Bxh3 32. Qxd5 Rf8 33. Bxg6 Nf6 34. Qb3 Bxg2+ 35. Kxg2 Qe2+ 36. Kh1 Ng4 37. Rc2 Nf2+ 38. Kg2 Qg4+ 39. Qg3 Qxg6 40. Qxg6 fxg6 41. Kxf2 Rxf4+ 42. Ke2 Rxd4 43. Nc5 1-0


[Site "https://www.chess.com"]

[Event "Titled Tuesday Blitz August 15 Late 2023"]
[White "Arnold, Ken"]
[Black "Badmatsyrenov, Oleg"]
[WhiteFideId "2056836"]
[BlackFideId "24115762"]
[WhiteElo "2423"]
[BlackElo "2762"]
[Result "0-1"]
[Round "1"]
[TimeControl "180+1"]
[Date "2023.08.15"]
[WhiteClock "0:00:13"]
[BlackClock "0:00:20"]
[Board "63"]

1. d4 Nf6 2. c4 c5 3. d5 e6 4. Nc3 exd5 5. cxd5 d6 6. e4 g6 7. Bd3 Bg7 8. Nge2 O-O 9. O-O a6 10. a4 Nbd7 11. Bf4 Ne8 12. Qc2 Rb8 13. a5 b6 14. axb6 Rxb6 15. Ra2 Ne5 16. Ng3 Nc7 17. Rfa1 h5 18. h3 h4 19. Nf1 g5 20. Be3 g4 21. hxg4 Nxg4 22. Be2 Nxe3 23. Nxe3 Qg5 24. Qd1 h3 25. g3 Bd4 26. Qd2 Nb5 27. Nxb5 axb5 28. Kh2 f5 29. exf5 Bxf5 30. Ra8 Bc8 31. f4 Qg7 32. Bf3 Rb7 33. Nd1 Re7 34. Rxc8 Rxc8 35. g4 Rf8 36. Kg3 Ref7 37. f5 Rxf5 0-1


[Site "https://www.chess.com"]

[Event "Titled Tuesday Blitz August 15 Late 2023"]
[White "Haydon, David L"]
[Black "MrAnnihilation"]
[WhiteFideId "415405"]
[WhiteElo "2756"]
[BlackElo "2422"]
[Result "1/2-1/2"]
[Round "1"]
[TimeControl "180+1"]
[Date "2023.08.15"]
[WhiteClock "0:00:13"]
[BlackClock "0:00:18"]
[Board "64"]

1. e4 d6 2. d4 Nf6 3. Nc3 e5 4. dxe5 dxe5 5. Qf3 Be6 6. h3 c6 7. Bd3 Nbd7 8. Be3 Qa5 9. Ne2 Bc5 10. g4 Bxe3 11. Qxe3 Qb6 12. Qg3 Qxb2 13. Rb1 Qa3 14. Rxb7 O-O 15. O-O Rab8 16. Rfb1 Rxb7 17. Rxb7 h6 18. Qe3 Nc5 19. Rc7 Rc8 20. Rxc8+ Bxc8 21. Qg3 Nfd7 22. Bc4 Ba6 23. Bxa6 Qxa6 24. Qe3 Qc4 25. f3 Nf8 26. f4 exf4 27. Nxf4 Nfe6 28. Nfe2 a5 29. a3 Nd7 30. Qd3 Qc5+ 31. Kg2 Ne5 32. Qg3 g5 33. a4 Ng6 34. Qf2 Nef4+ 35. Kf1 Qc4 36. Qd4 Qb4 37. Qxb4 axb4 38. Nxf4 Nxf4 39. Ne2 Ne6 40. a5 c5 41. a6 Nc7 42. a7 Kf8 43. Nc1 c4 44. Ke2 Ke7 45. Ke3 Kd6 46. Kd4 b3 47. cxb3 cxb3 48. Nxb3 Nb5+ 49. Ke3 Nxa7 50. Nd4 Ke5 51. Nf5 Nb5 52. Nxh6 f6 53. Nf5 Nc3 54. Nh6 Nxe4 55. Nf7+ Kd5 56. Kf3 Nd6 57. Nxd6 Kxd6 58. Ke4 Ke6 59. Kd4 Kd6 60. Ke4 Ke6 61. Kd4 f5 62. gxf5+ Kxf5 63. Ke3 g4 64. h4 g3 65. Kf3 g2 66. Kxg2 Kg4 67. h5 Kxh5 1/2-1/2


[Site "https://www.chess.com"]

[Event "Titled Tuesday Blitz August 15 Late 2023"]
[White "Harriott, Tyrell"]
[Black "Kushko, Dmitriy"]
[WhiteFideId "2086484"]
[BlackFideId "14162261"]
[WhiteElo "2421"]
[BlackElo "2755"]
[Result "0-1"]
[Round "1"]
[TimeControl "180+1"]
[Date "2023.08.15"]
[WhiteClock "0:00:05"]
[BlackClock "0:00:20"]
[Board "65"]

1. d4 g6 2. e3 Bg7 3. Bd3 Nf6 4. f4 O-O 5. Nf3 d5 6. O-O c5 7. c3 b6 8. Nbd2 Ba6 9. Bxa6 Nxa6 10. b3 e6 11. Bb2 Rc8 12. Ne5 Nb8 13. Qe2 Nfd7 14. Qg4 Nc6 15. Qh3 cxd4 16. exd4 f5 17. g4 Nf6 18. gxf5 exf5 19. Ba3 Re8 20. Rae1 Nxe5 21. fxe5 Ng4 22. Kh1 Qd7 23. Qf3 Bh6 24. Re2 Bg5 25. Rg1 Kh8 26. h3 Bxd2 27. Rxd2 Nh6 28. Re1 Nf7 29. Bb2 Ng5 30. Qg2 Ne4 31. Rd3 Re6 32. Rf3 Rec6 33. Ree3 b5 34. a3 a5 35. b4 axb4 36. axb4 Ra8 37. Rf1 Ra2 38. Re2 Qd8 39. Rf4 Qe7 40. Kh2 Qe6 41. Qf3 Nxc3 42. Bxc3 Rxc3 43. Qxc3 Rxe2+ 44. Kg3 g5 45. Rf1 f4+ 46. Kf3 Re3+ 47. Qxe3 Qxh3+ 48. Kf2 Qxe3+ 49. Kg2 Qg3+ 50. Kh1 f3 0-1


[Site "https://www.chess.com"]

[Event "Titled Tuesday Blitz August 15 Late 2023"]
[White "Kim, Yoon-Young"]
[Black "Szyszylo, Rafal"]
[WhiteFideId "30908779"]
[BlackFideId "1109626"]
[WhiteElo "2754"]
[BlackElo "2419"]
[Result "1-0"]
[Round "1"]
[TimeControl "180+1"]
[Date "2023.08.15"]
[WhiteClock "0:00:21"]
[BlackClock "0:00:00"]
[Board "66"]

1. d4 d6 2. Nf3 Nf6 3. c4 g6 4. Nc3 Bg7 5. Bg5 h6 6. Bh4 O-O 7. e3 Nbd7 8. Be2 e5 9. Qc2 c6 10. O-O Re8 11. Rfd1 Qc7 12. Rac1 Nf8 13. b4 Bf5 14. Qb3 N8h7 15. dxe5 dxe5 16. Nd2 Ng5 17. c5 Nge4 18. Nc4 Nxc3 19. Qxc3 Nd5 20. Qb3 Be6 21. Qa3 e4 22. Bg3 Qe7 23. Nd6 Rf8 24. Nxe4 Bf5 25. Nd6 Be6 26. e4 Nf6 27. h3 a6 28. Rd2 Nh5 29. Bxh5 gxh5 30. Qf3 h4 31. Bf4 Qf6 32. a3 Rab8 33. Rcd1 Qg6 34. Nf5 Bxf5 35. exf5 Qxf5 36. Bxb8 Qxf3 37. gxf3 Rxb8 38. Rd8+ Rxd8 39. Rxd8+ Kh7 40. Rd7 Bb2 41. Rxf7+ Kg6 42. Rxb7 Bxa3 43. Rb6 Kf5 44. Rxa6 Bxb4 45. Rxc6 h5 46. Rc8 Ke6 47. Kg2 Kd7 48. Rh8 Bxc5 49. Rxh5 Be7 50. f4 Ke6 51. Kf3 Bd8 52. Kg4 Kf7 53. Rd5 Bb6 54. f3 Bf2 55. f5 Kf6 56. Rd6+ Kf7 57. Rh6 Bg3 58. Kg5 Kg7 59. Rb6 Kf7 60. Rb7+ Kf8 61. Kg6 Ke8 62. f6 Bd6 63. f7+ Kd8 64. Rb6 Be7 65. Re6 Bf8 66. Re8+ Kd7 67. Rxf8 Kd6 68. Re8 Kd5 69. f8=Q Kd4 70. Qe7 1-0


[Site "https://www.chess.com"]

[Event "Titled Tuesday Blitz August 15 Late 2023"]
[White "Mazurkiewicz, Michal"]
[Black "Morefield, Jason"]
[WhiteFideId "1124943"]
[BlackFideId "30920825"]
[WhiteElo "2414"]
[BlackElo "2750"]
[Result "0-1"]
[Round "1"]
[TimeControl "180+1"]
[Date "2023.08.15"]
[WhiteClock "0:00:26"]
[BlackClock "0:00:15"]
[Board "67"]

1. e4 d6 2. d4 Nf6 3. Nc3 g6 4. f4 Bg7 5. Nf3 c5 6. Bb5+ Bd7 7. Bxd7+ Qxd7 8. e5 Nh5 9. dxc5 dxe5 10. fxe5 f5 11. Be3 Qc6 12. O-O Nd7 13. Nd4 Qc8 14. g4 fxg4 15. Ne6 Nxe5 16. Nxg7+ Nxg7 17. Bd4 Nf3+ 18. Rxf3 gxf3 19. Bxg7 Qg4+ 20. Kf2 Rg8 21. Qd4 Qg2+ 22. Ke3 Rd8 23. Qa4+ Kf7 24. Bd4 f2 25. Rf1 Qxf1 26. Qc4+ Qxc4 0-1


[Site "https://www.chess.com"]

[Event "Titled Tuesday Blitz August 15 Late 2023"]
[White "Schmakel, Sam"]
[Black "Andrews, Todd"]
[WhiteFideId "2039311"]
[BlackFideId "2012456"]
[WhiteElo "2747"]
[BlackElo "2410"]
[Result "1-0"]
[Round "1"]
[TimeControl "180+1"]
[Date "2023.08.15"]
[WhiteClock "0:00:18"]
[BlackClock "0:00:23"]
[Board "68"]

1. d4 Nf6 2. Nc3 d5 3. Bf4 c6 4. e3 g6 5. h4 b5 6. h5 Nxh5 7. Rxh5 gxh5 8. Qxh5 b4 9. Na4 Nd7 10. Nf3 Nf6 11. Qh2 Bf5 12. O-O-O Qa5 13. b3 Rg8 14. Bc7 Ng4 15. Bxa5 Nxh2 16. Nxh2 e6 17. Nf3 f6 18. g3 Bg4 19. Be2 Kd7 20. Ng1 Bf5 21. Bd3 Bg6 22. Nf3 Rb8 23. c3 bxc3 24. Bxc3 Ba3+ 25. Kc2 Bd6 26. Rh1 Rg7 27. Nh4 Bxd3+ 28. Kxd3 e5 29. Nf5 Rf7 30. Nxd6 Kxd6 31. dxe5+ fxe5 32. Rh6+ Kd7 33. Nc5+ Ke7 34. Bxe5 Rb5 35. f4 Rb6 36. g4 a5 37. g5 Rb4 38. Rxc6 a4 39. Rc7+ Ke8 40. Rxf7 Kxf7 41. Nxa4 Rb7 42. Nc5 Ra7 43. a4 Kg6 44. Kd4 Kf5 45. Kxd5 Rxa4 46. bxa4 1-0


[Site "https://www.chess.com"]